 Dungeon Crawl Stone Soup version 0.20.1-1-g8b1a95d (webtiles) character file.

39 Monsterracer the Shooter (level 3, -1/29 HPs)
             Began as a Centaur Hunter on July 11, 2017.
             Slain by an adder (3 damage)
             ... on level 2 of the Dungeon.
             The game lasted 00:05:20 (2008 turns).

Monsterracer the Shooter (Centaur Hunter)           Turns: 2008, Time: 00:05:21

Health: -1/29      AC:  4    Str: 15    XL:     3   Next: 28%
Magic:  3/3        EV:  9    Int: 10    God:
Gold:   82         SH:  0    Dex:  9    Spells: 2/2 levels left

rFire    . . .     SeeInvis .   (no weapon)
rCold    . . .     Gourm    .   (no shield)
rNeg     . . .     Faith    .   c - +0 leather armour
rPois    .         Spirit   .   (no helmet)
rElec    .         Reflect  .   (no cloak)
rCorr    .         Harm     .   (no gloves)
MR       .....                  (no barding)
Stlth    +.........             (no amulet)
Regen    0.1/turn               (no ring)
MPRegen  0.1/turn               (no ring)

@: lethally poisoned (-1 -> -13), flying, very slightly contaminated, invisible,
very quick
A: hooves 3, deformed body, speed 2, tough skin 3
a: no special abilities


You were on level 2 of the Dungeon.
You were very hungry.

You visited 1 branch of the dungeon, and saw 3 of its levels.

You collected 82 gold pieces.

Inventory:

Hand Weapons
 a - a +1 shortbow
 b - a +0 short sword
Armour
 c - a +0 leather armour (worn)
Scrolls
 e - 2 scrolls of teleportation
 l - 2 scrolls of identify
Potions
 j - a potion of invisibility
 k - 2 potions of might
Books
 m - a book of Changes

   Spells                             Type                      Level
   a - Beastly Appendage              Transmutation                1
   b - Sticks to Snakes               Transmutation                2
   c - Spider Form                    Transmutation/Poison         3
   d - Ice Form                       Ice/Transmutation            4
   e - Blade Hands                    Transmutation                5
Comestibles
 f - 2 bread rations
 g - a royal jelly
 h - 4 fruits
 i - a meat ration


   Skills:
 + Level 2.2 Fighting
   Level 0.5 Polearms
 * Level 6.2 Bows
 + Level 1.6 Dodging
 - Level 0.4 Stealth
 * Level 0.4 Unarmed Combat


You had 2 spell levels left.
You didn't know any spells.

Dungeon Overview and Level Annotations

Branches:
Dungeon (3/15)

Altars:
Kikubaaqudgha


Innate Abilities, Weirdness & Mutations

You have hooves in place of feet.
Armour fits poorly on your strangely shaped body.
You cover ground very quickly.
You have extremely tough skin. (AC +3)


Message History

The adder poisons you!
Huge Dmg: -20%(-6hp) hp: 18%(5hp) It was a potion of invisibility.
You fade into invisibility!
* * * LOW HITPOINT WARNING * * *
You feel sick. The adder barely misses you.
You are very lightly contaminated with residual magic.
Damage: -4%(-1hp) hp: 14%(4hp) It was a potion of flight.
You feel very buoyant.
You fly up into the air.
* * * LOW HITPOINT WARNING * * *
You feel sick. The adder bites you but does no damage.
The adder closely misses you.
Huge Dmg: -3%(-1hp) hp: 11%(3hp) Drop what? 12/52 slots (_ for help) (? for menu, Esc to quit)
Okay, then.
* * * LOW HITPOINT WARNING * * *
You feel sick. The adder bites you.
You die...

###.### #.......# #>#.#.
#.....####.......#####...#
#.#.#.#..<..........###.##
#.#.#.#.#####.#####.# #.#
#.#...#.#####.#####.# #.#
#.......##.......##.# #.#
#.##..#.##.##.##.##.# #(#
#.....#.##.##.##.##.# #.#
#.##.....@S.........###.#
#.#####.########.(.....(#
#.#####.# ##########
#.......# #########


You could see an adder.

Vanquished Creatures
  An adder (D:3)
  A dart slug (D:1)
  A leopard gecko (D:2)
  A giant cockroach (D:1)
  5 goblins
  3 hobgoblins (D:1)
  2 jackals (D:1)
  A bat (D:2)
  2 frilled lizards
  4 kobolds
  9 rats
30 creatures vanquished.

Notes
Turn   | Place    | Note
-------+----------+-------------------------------------------
     0 | D:1      | Monsterracer the Centaur Hunter began the quest for the Orb.
     0 | D:1      | Reached XP level 1. HP: 17/17 MP: 1/1
   320 | D:1      | Reached XP level 2. HP: 23/24 MP: 2/2
  1086 | D:2      | Reached skill level 6 in Bows
  1138 | D:2      | Found an ancient bone altar of Kikubaaqudgha.
  1591 | D:3      | Reached XP level 3. HP: 29/29 MP: 3/3
  2008 | D:2      | Slain by an adder

Skill      XL: |  1  2 |
---------------+-------+-----
Bows           | 6 |  6.2
Fighting       | |  2.2
Polearms       | |  0.5
Dodging        | |  1.6
Stealth        | |  0.4
Unarmed Combat | |  0.4

Action                   || total
-------------------------++-------
Melee: Short sword       ||    73
       Kick              ||    14
       Spear             ||    22
       Unarmed           ||     2
 Fire: Shortbow          ||    35
  Use: Scroll            ||     4
       Potion            ||     2
  Eat: Chunk             ||     1
Armor: Leather armour    ||    29
Dodge: Dodged            ||    47
